 Dungeon Crawl Stone Soup version 0.31.0-9-g3a7656b989 (webtiles) character file.

Game seed: 9947212011438959940

1625 GordonOverkill the Carver (level 9, 0/74 HPs)
             Began as a Formicid Delver on Jan 25, 2024.
             Was an Initiate of Dithmenos.
             Killed from afar by Maggie (23 damage)
             ... with a bolt of fire
             ... on level 7 of the Dungeon.
             The game lasted 00:12:27 (6102 turns).

GordonOverkill the Carver (Formicid Delver)         Turns: 6102, Time: 00:12:28

Health: 0/74       AC: 15    Str: 25    XL:     9   Next: 17%
Magic:  9/9        EV:  8    Int:  9    God:    Dithmenos [......]
Gold:   388        SH:  4    Dex: 13    Spells: 8/8 levels left

rFire   . . .        g - +3 falchion (protect)
rCold   + . .        p - -1 buckler of Ycad {Rampage Regen+ Str+3 Dex-2}
rNeg    . . .        a - +0 chain mail
rPois   .            (helmet unavailable)
rElec   .            m - scarf {shadows}
rCorr   .            (no gloves)
SInv    +            (no boots)
Will    .....        (no amulet) Stlth
                     (no ring)
HPRegen 1.12/turn    (no ring)
MPRegen 0.11/turn

%: rampage
@: under a protective aura, invisible
A: permanent stasis, dig shafts and tunnels, antennae 3, four strong arms, cold
resistance 1, mutation resistance 1, robust 1
a: Dig, Shaft Self, Renounce Religion


You were on level 7 of the Dungeon.
You worshipped Dithmenos.
Dithmenos was noncommittal.
You visited 2 branches of the dungeon, and saw 8 of its levels.

You collected 388 gold pieces.

Inventory:

Hand Weapons
 g - a +3 falchion of protection (weapon)
 v - a +0 scimitar
Missiles
 e - 14 atropa-tipped darts (quivered)
 s - 3 boomerangs
Armour
 a - a +0 chain mail (worn)
 i - a +0 ring mail of cold resistance
 m - a scarf of shadows (worn)
 p - the -1 buckler of Ycad (worn) {Rampage Regen+ Str+3 Dex-2}
   (You found it on level 4 of the Dungeon)

   Str+3:     It affects your strength (+3).
   Dex-2:     It affects your dexterity (-2).
   Regen+:    It increases your rate of health regeneration.
   Rampage:   It bestows one free step when moving towards enemies.
Wands
 f - a wand of digging (3)
Scrolls
 c - 2 scrolls of fog
 d - 3 scrolls of revelation
 j - 2 scrolls of fear
 l - a scroll of identify
Potions
 h - a potion of might
 n - a potion of brilliance
 t - a potion of magic


   Skills:
 - Level 5.0 Fighting
 + Level 9.6 Long Blades
 - Level 2.0 Maces & Flails
 - Level 2.0 Throwing
 - Level 1.7 Dodging
 - Level 6.0 Stealth
 - Level 4.0 Shields


You had 8 spell levels left.
You didn't know any spells.
Your spell library contained the following spells:

 Spells                   Type           Power      Damage    Failure   Level
 Summon Small Mammal      Summ           0%         N/A       96%         1
 Call Canine Familiar     Summ           0%         N/A       100%        3
 Inner Flame              Hex/Fire       0%         N/A       100%        3
 Summon Blazeheart Golem  Fire/Summ      0%         N/A       100%        4
 Irradiate                Conj/Alch      0%         3d11      100%        5
 Ignition                 Fire           0%         3d3       100%        8


Dungeon Overview and Level Annotations

Branches:
Dungeon (7/15)             Temple (1/1) D:5

Altars:
Ashenzari
Cheibriados
Dithmenos
Elyvilon
Fedhas
Hepliaklqana
Kikubaaqudgha
Makhleb
Nemelex Xobeh
Okawaru
Qazlal
Trog
Vehumet
Wu Jian
Zin

Annotations:
D:3 Grinder, Ijyb
D:7 Maggie


Innate Abilities, Weirdness & Mutations

You cannot be hasted, slowed, berserked, paralysed or teleported.
You can dig through walls and to a lower floor.
You have a pair of large antennae on your head. (SInv)
Your four strong arms can wield two-handed weapons with a shield.
Your flesh is cold resistant. (rC+)
You are somewhat resistant to further mutation.
You are robust. (+10% HP)


Message History

Maggie is heavily wounded.
The bombardier beetle bites you but does no damage.
You hit Maggie but do no damage.
Maggie is heavily wounded.
Maggie closely misses you.
You hit Maggie.
Maggie is severely wounded.
Maggie seems less confused.
Maggie hits you with a +2 morningstar of distortion.
* * * LOW HITPOINT WARNING * * *
You block the bombardier beetle's attack.
You hit Maggie but do no damage.
Maggie is severely wounded.
Maggie barely misses you.
You strike the helpless Maggie from behind!
You hit Maggie.
Maggie is severely wounded.
The bombardier beetle barely misses you.
You barely miss Maggie.
Maggie is severely wounded.
Maggie hits you with a +2 morningstar of distortion!
* * * LOW HITPOINT WARNING * * *
You hit Maggie.
Maggie is almost dead.
Maggie is no longer blind.
Maggie gestures at you while chanting. The bolt of fire hits you.
* * * LOW HITPOINT WARNING * * *
The bolt of fire hits the bombardier beetle!!
The bombardier beetle dies!
You hit Maggie but do no damage.
Maggie is almost dead.
Maggie hits you with a +2 morningstar of distortion.
* * * LOW HITPOINT WARNING * * *
Space warps horribly around you!
* * * LOW HITPOINT WARNING * * *
You feel much better.
Maggie points at you and mumbles some strange words.
The bolt of fire hits you!!
You die...

.. .........#.... .....
#####.##..... .....(###
#.##.........
........###............
......#..#.............
..#...............##..(
..............#....##..
#...........##.####..
##.†@@...............
.....((.....##.........
......#..##............
####.....# ..##....)...
#...... ........)...
#....... #......... ...
..... #.........
.......... ..........


You could see Maggie (unable to see you).

Vanquished Creatures
  Menkaure (D:5)
  A water moccasin (D:7)
  2 black bears (D:4)
  An ice beast (D:7)
  An ogre (D:5)
  A scorpion (D:5)
  3 bombardier beetles
  An orc priest (D:5)
  7 hounds
  A jelly (D:5)
  5 iguanas
  3 sleepcaps
  6 orc wizards
  3 gnolls (D:3)
  11 adders
  A shadow imp (D:5)
  4 dart slugs
  A ribbon worm (D:3)
  14 orcs
  6 bats
  10 endoplasms
  4 giant cockroaches
  10 goblins
  9 hobgoblins
  9 jackals
  5 kobolds
  2 quokkas (D:1)
  11 ball pythons
  7 frilled lizards
  4 rats
144 creatures vanquished.

Vanquished Creatures (others)
  A bombardier beetle (D:7)
1 creature vanquished.

Grand Total: 145 creatures vanquished

Notes
Turn   | Place    | Note
-------+----------+-------------------------------------------
     0 | D:5      | GordonOverkill the Formicid Delver began the quest for the
                  | Orb.
     0 | D:5      | Reached XP level 1. HP: 18/18 MP: 1/1
    10 | D:5      | Noticed an iguana
    18 | D:4      | Noticed an iguana
   122 | D:2      | Reached skill level 1 in Long Blades
   155 | D:2      | Reached XP level 2. HP: 24/24 MP: 2/2
   175 | D:2      | Reached skill level 2 in Long Blades
   252 | D:1      | Reached XP level 3. HP: 25/29 MP: 3/3
   557 | D:1      | Reached XP level 4. HP: 37/37 MP: 4/4
   982 | D:1      | Reached skill level 3 in Long Blades
  1892 | D:3      | Reached XP level 5. HP: 29/42 MP: 5/5
  1892 | D:3      | Found a radiant altar of Vehumet.
  1962 | D:3      | Reached skill level 4 in Long Blades
  2222 | D:3      | Reached XP level 6. HP: 22/48 MP: 6/6
  2323 | D:3      | Reached skill level 5 in Long Blades
  2355 | D:3      | Noticed Grinder
  2584 | D:3      | Noticed Ijyb
  2774 | D:4      | Found a bloodstained altar of Trog.
  2796 | D:4      | Noticed a black bear
  2923 | D:4      | Noticed a black bear
  2944 | D:4      | Killed a black bear
  3097 | D:4      | Reached skill level 6 in Long Blades
  3136 | D:4      | Reached XP level 7. HP: 54/54 MP: 7/7
  3146 | D:4      | Identified the -1 buckler of Ycad {Rampage Regen+ Str+3
                  | Dex-2}
  3202 | D:4      | Found a broken altar of Ashenzari.
  3356 | D:4      | Reached skill level 7 in Long Blades
  3621 | D:4      | Reached skill level 1 in Shields
  3890 | D:5      | Reached skill level 1 in Throwing
  3890 | D:5      | Reached XP level 8. HP: 47/60 MP: 8/8
  4297 | D:5      | Found a snail-covered altar of Cheibriados.
  4362 | D:5      | Reached skill level 5 in Fighting
  4374 | D:5      | Found a staircase to the Ecumenical Temple.
  4403 | D:5      | Found a stormy altar of Qazlal.
  4453 | D:5      | Noticed Menkaure
  4464 | D:5      | Killed Menkaure
  4609 | Temple   | Entered the Ecumenical Temple
  4705 | D:6      | Found a glowing silver altar of Zin.
  4862 | D:6      | Reached skill level 8 in Long Blades
  5412 | D:6      | Gained mutation: Your flesh is cold resistant. (rC+)
                  | [potion of mutation]
  5412 | D:6      | Gained mutation: You are robust. (+10% HP) [potion of
                  | mutation]
  5412 | D:6      | Gained mutation: You are somewhat resistant to further
                  | mutation. [potion of mutation]
  5812 | D:7      | Reached skill level 9 in Long Blades
  5812 | D:7      | Reached XP level 9. HP: 66/74 MP: 9/9
  5975 | D:7      | Found a shadowy altar of Dithmenos.
  6001 | D:7      | Became a worshipper of Dithmenos the Shadowed
  6070 | D:7      | Noticed Maggie
  6102 | D:7      | Killed from afar by Maggie

Illustrated notes

Levels and vault maps discovered:
D:1:      orjb1_clovarrival, layout_basic, minivault_4,
          amcnicky_mini_corridor_feature
D:2:      layout_loops_ring
D:3:      layout_rooms, old_standard_altar, uniq_grinder, uniq_ijyb
D:4:      layout_basic, nicolae_ashenzari_skybound, lemuel_doored_altar,
          hangedman_abyss_or_decor_lesser_grid, minmay_box_of_dots
D:5:      layout_rooms, old_standard_altar, amcnicky_altar_gilded,
          minmay_temple_entry_mini_moons, uniq_menkaure
D:6:      layout_cave_pods, general_overflow_altar, serial_column_ruins,
          column_ruins_hut, column_ruins_open_tiny, column_ruins_grid_3,
          column_ruins_columns_straight, column_ruins_columns_straight
D:7:      layout_cave_pools, nicolae_dithmenos_through_a_glass_darkly,
          uniq_maggie
Temple:   nicolae_temple_godpark

Skill      XL: |  1  2  3  4  5  6  7  8 |
---------------+-------------------------+-----
Long Blades    | 1 2 3 4 6 7 9 |  9.6
Fighting       | 4 5 |  5.0
Shields        | 4 |  4.0
Throwing       | 1 2 |  2.0
Maces & Flails | |  2.0
Dodging        | |  1.7
Stealth        | |  6.0

Action                     |  1- 3 |  4- 6 |  7- 9 || total
---------------------------+-------+-------+-------++-------
  Melee: Falchion          |    90 |   143 |   345 ||   578
         Punch             |     1 |     2 |       ||     3
  Throw: Dart              |     2 |       |    11 ||    13
    Use: Scroll            |     1 |     1 |     7 ||     9
         Potion            |       |       |     7 ||     7
   Stab: Sleeping          |    10 |     5 |     5 ||    20
         Distracted        |       |     1 |       ||     1
         Invisible         |       |       |     4 ||     4
 Armour: Leather armour    |    32 |       |       ||    32
         Ring mail         |    20 |   126 |   134 ||   280
         Chain mail        |       |       |    57 ||    57
  Dodge: Dodged            |    66 |    94 |   166 ||   326
  Block: Buckler           |       |       |    50 ||    50
